[Event "Reykjavik Open 2025"]
[Site "Reykjavik, Iceland"]
[Date "2025.04.10"]
[Round "3.9"]
[White "Thorfinnsson, Bjorn"]
[Black "Gorshtein, Ido"]
[Result "0-1"]
[ECO "A46"]
[WhiteElo "2386"]
[BlackElo "2557"]
[PlyCount "102"]
[EventDate "2025.??.??"]
[TimeControl "90+30"]
[WhiteClock "0:24:13"]
[BlackClock "0:04:54"]

1. d4 Nf6 2. Nf3 e6 3. c3 c5 4. Bg5 Qb6 5. Qb3 Nc6 6. Qxb6 axb6 7. e3 d5 8. Nbd2 Bd7 9. a3 Nh5 10. Bh4 h6 11. g4 Nf6 12. h3 Bd6 13.
Rg1 g5 14. Bg3 Bxg3 15. Rxg3 Ke7 16. O-O-O cxd4 17. exd4 Ne8 18. Re1 Nd6 19. h4 f6 20. Bd3 Rhg8 21. hxg5 hxg5 22. Rh3 Rh8 23. Reh1 Rxh3 24. Rxh3 Nd8 25. Nf1 N8f7 26. Ne3 b5 27. Kc2 Nc4 28. Nxc4 bxc4 29. Bg6 Be8 30. Kd2 Kf8 31. Ne1 Kg7 32. Bc2 Nh6 33. Ng2 Bg6 34. Ne3 Nf7 35. Rh2 Nd6 36. f3 Nf7 37. Rh3 Bxc2 38.
Kxc2 Nh8 39. Ng2 Ng6 40. Rh2 Rf8 41. Rh5 Re8 42. Kd2 Nf4 43.
Nxf4 gxf4 44. Kc2 Ra8 45. Rh1 b5 46. Rh2 Kg6 47. Kd2 Ra7 48.
Kc2 Rh7 49. Rxh7 Kxh7 50. b4 cxb3+ 51. Kxb3 Kg6 0-1

[Event "Reykjavik Open 2025"]
[Site "Reykjavik, Iceland"]
[Date "2025.04.10"]
[Round "3.10"]
[White "Song, Yuxin"]
[Black "Adhiban, B.."]
[Result "1/2-1/2"]
[ECO "B56"]
[WhiteElo "2371"]
[BlackElo "2554"]
[PlyCount "75"]
[EventDate "2025.??.??"]
[TimeControl "90+30"]
[WhiteClock "0:14:33"]
[BlackClock "0:14:45"]

1. e4 c5 2. Nf3 d6 3. d4 cxd4 4. Nxd4 Nf6 5. Nc3 Nc6 6. f3 e5 7. Nb3 Be7 8. Be3 O-O 9. Qd2 a5 10. Bb5 Be6 11. O-O-O Qb8 12. Kb1 Rc8 13. g4 Na7 14. Bxa7 Qxa7 15. a4 Rc7 16. Nd5 Nxd5 17. exd5 Bd7 18. Bxd7 Rxd7 19. Qe2 b5 20. Qxb5 Rb7 21. Qc4 Rb4 22. Qc6 Rb6 23. Qc4 Qd7 24. Rhe1 Rc8 25. Qd3 Qxa4 26. Re4 Qb5 27. Qxb5 Rxb5 28. Rd3 Bd8 29. f4 f6 30. Nd2 Bb6 31. Nc4 Bc5 32. f5 Rcb8 33. c3 a4 34. Kc2 Rb3 35. Rd1 a3 36. bxa3 Bxa3 37. Re3 Bc5 38.
Re2 1/2-1/2

[Event "Reykjavik Open 2025"]
[Site "Reykjavik, Iceland"]
[Date "2025.04.10"]
[Round "3.11"]
[White "Bekker, Stefan"]
[Black "Amar, Elham"]
[Result "1/2-1/2"]
[ECO "B30"]
[WhiteElo "2358"]
[BlackElo "2546"]
[PlyCount "61"]
[EventDate "2025.??.??"]
[TimeControl "90+30"]
[WhiteClock "0:27:17"]
[BlackClock "1:07:13"]

1. e4 c5 2. Nf3 Nc6 3. Bb5 e6 4. O-O Nge7 5. Re1 Nd4 6. Nxd4 cxd4 7. c3 a6 8. Ba4 b5 9. Bb3 Nc6 10. a4 b4 11. Bd5 Bc5 12. cxb4 Bxb4 13. Bxc6 dxc6 14. b3 e5 15. Ba3 c5 16. Bxb4 cxb4 17. d3 Be6 18.
Nd2 Rc8 19. Nc4 Bxc4 20. dxc4 O-O 21. Qd2 a5 22. f4 f6 23. f5 Qd7 24. Qd3 g6 25. Rf1 Kh8 26. Rf3 Rg8 27. Raf1 Qc6 28.
h3 Rc7 29. fxg6 Rxg6 30. Rf5 Kg7 31. Qd1 1/2-1/2

[Event "Reykjavik Open 2025"]
[Site "Reykjavik, Iceland"]
[Date "2025.04.10"]
[Round "3.12"]
[White "Li, Guohao"]
[Black "Stefansson, Vignir Vatnar"]
[Result "1/2-1/2"]
[ECO "D37"]
[WhiteElo "2356"]
[BlackElo "2536"]
[PlyCount "80"]
[EventDate "2025.??.??"]
[TimeControl "90+30"]
[WhiteClock "0:33:35"]
[BlackClock "0:05:11"]

1. d4 Nf6 2. c4 e6 3. Nf3 d5 4. Nc3 a6 5. cxd5 exd5 6. Bf4 Bd6 7. Be5 Be6 8. e3 Bxe5 9. dxe5 Nfd7 10. Be2 Nc6 11. Nxd5 Ndxe5 12. Nc3 O-O 13. O-O Qf6 14. Qa4 Nd7 15. Rfd1 Nb6 16. Qc2 Bf5 17. Qb3 Be6 18. Qc2 Bf5 19. Qb3 Rad8 20. Rxd8 Rxd8 21. Rd1 h6 22. h3 Qe7 23. Rd2 Rxd2 24. Nxd2 Qd7 25. Nde4 Qe7 26. Nd2 Be6 27. Qc2 Nb4 28. Qe4 c6 29. a3 N4d5 30. Nxd5 Nxd5 31. Qd4 Qf6 32. Qxf6 Nxf6 33. e4 g5 34. f3 Kf8 35. Kf2 Ke7 36. g4 h5 37. e5 Nd7 38.
Ne4 hxg4 39. fxg4 Nxe5 40. Nxg5 Bd5 1/2-1/2

[Event "Reykjavik Open 2025"]
[Site "Reykjavik, Iceland"]
[Date "2025.04.10"]
[Round "3.13"]
[White "Draskovic, Luka"]
[Black "Borne, Felix"]
[Result "1/2-1/2"]
[ECO "A14"]
[WhiteElo "2488"]
[BlackElo "2225"]
[PlyCount "88"]
[EventDate "2025.??.??"]
[TimeControl "90+30"]
[WhiteClock "0:31:11"]
[BlackClock "0:30:16"]

1. c4 Nf6 2. Nf3 e6 3. g3 d5 4. Bg2 Be7 5. O-O O-O 6. b3 c5 7. cxd5 Nxd5 8. Bb2 Nc6 9. d4 cxd4 10. Nxd4 Nxd4 11. Qxd4 Bf6 12. Qd2 b6 13. Rd1 Bb7 14. Na3 Qe7 15. e4 Bxb2 16. Qxb2 Nb4 17. Nc4 Rfd8 18. a3 Nd3 19. Qc2 Nc5 20. b4 Na6 21. Qa4 Qc7 22. Rxd8+ Rxd8 23. Rd1 Rxd1+ 24. Qxd1 Bc6 25. h4 Kf8 26. Qd4 Nb8 27. Nd6 Qd7 28.
b5 Ba8 29. e5 Bxg2 30. Kxg2 Qc7 31. Qf4 Qe7 32. Qe4 f5 33. Qc4 Qd7 34. a4 Ke7 35. Qf4 Kf8 36. g4 g6 37. Kh2 Qe7 38. gxf5 exf5 39. e6 Qxe6 40. Nxf5 Qxf5 41. Qxb8+ Kg7 42. Qxa7+ Kh6 43. Qxb6 Qf4+ 44. Kg2 Qg4+ 1/2-1/2

[Event "Reykjavik Open 2025"]
[Site "Reykjavik, Iceland"]
[Date "2025.04.10"]
[Round "3.20"]
[White "Jonsson, Johann"]
[Black "Lacroix, Romain"]
[Result "0-1"]
[ECO "A46"]
[WhiteElo "1890"]
[BlackElo "2101"]
[PlyCount "64"]
[EventDate "2025.??.??"]
[TimeControl "90+30"]
[WhiteClock "0:05:02"]
[BlackClock "0:07:23"]

1. d4 Nf6 2. Nf3 e6 3. Bf4 c5 4. e3 Nc6 5. c3 d5 6. Bd3 Bd6 7. Bg3 O-O 8. O-O b6 9. Re1 Bb7 10. Nbd2 Ne7 11. e4 dxe4 12. Nxe4 Nxe4 13. Bxe4 Bxe4 14. Rxe4 Nf5 15. Bxd6 Qxd6 16. Qe2 Rfd8 17. dxc5 Qxc5 18. Qc4 Qe7 19. Ree1 Rac8 20. Qa4 h5 21. Rad1 g5 22. Qe4 Qf6 23. h3 Kg7 24. Ne5 Rc7 25. Qe2 Kh6 26. g4 Rxd1 27. Qxd1 Nh4 28. gxh5 Kg7 29. Ng4 Qf4 30. Re3 Rc5 31. h6+ Kh7 32. Qd7 Rd5 0-1

[Event "Reykjavik Open 2025"]
[Site "Reykjavik, Iceland"]
[Date "2025.04.10"]
[Round "3.23"]
[White "Blanchet, Mathieu"]
[Black "Yu, Tianxiang Carlos"]
[Result "1/2-1/2"]
[ECO "A57"]
[WhiteElo "2091"]
[BlackElo "1843"]
[PlyCount "67"]
[EventDate "2025.??.??"]
[TimeControl "90+30"]
[WhiteClock "0:06:36"]
[BlackClock "0:04:18"]

1. d4 Nf6 2. c4 c5 3. d5 b5 4. Qc2 b4 5. a3 a5 6. e4 d6 7. Bd3 g6 8. Nf3 Bg7 9. O-O O-O 10. h3 Na6 11. Qd1 e5 12. dxe6 Bxe6 13. Re1 Nd7 14. Nbd2 bxa3 15. Rxa3 Nb4 16. Nf1 Ne5 17. Nxe5 Bxe5 18. Ne3 Qf6 19. Qe2 Nc6 20. Nd5 Bxd5 21. cxd5 Nd4 22. Qf1 g5 23. Be3 Rfb8 24. Rb1 Kh8 25. Qe1 a4 26. Bxd4 Bxd4 27. Bc2 Rb4 28. b3 Rab8 29. Rxa4 Bc3 30. Qe2 Rxa4 31. bxa4 Rxb1+ 32. Bxb1 Qd4 33. Qc2 Kg8 34. Qd3 1/2-1/2

[Event "Reykjavik Open 2025"]
[Site "Reykjavik, Iceland"]
[Date "2025.04.10"]
[Round "3.27"]
[White "Safarli, Eltaj"]
[Black "Llari, Marc"]
[Result "1-0"]
[ECO "B31"]
[WhiteElo "2617"]
[BlackElo "2299"]
[PlyCount "69"]
[EventDate "2025.??.??"]
[TimeControl "90+30"]
[WhiteClock "0:50:36"]
[BlackClock "0:20:43"]

1. e4 c5 2. Nf3 Nc6 3. Bb5 g6 4. O-O Bg7 5. d3 e5 6. a3 Nge7 7. b4 d6 8. bxc5 dxc5 9. Bg5 Qc7 10. Nc3 Be6 11. Be3 a6 12. Bc4 Nd4 13.
Bxe6 fxe6 14. Nd2 O-O 15. Ne2 Rad8 16. a4 Nec6 17. c3 Nxe2+ 18. Qxe2 Qd6 19. Nb3 b6 20. a5 Nxa5 21. Nxa5 bxa5 22. Rfd1 Qc6 23. c4 a4 24. Qc2 Rf7 25. Qxa4 Qxa4 26. Rxa4 Rfd7 27. Ra3 Bf8 28. Kf1 Kf7 29. Ke2 Ra7 30. Rda1 Rc8 31. Rxa6 Rxa6 32. Rxa6 Rc7 33. Bd2 Ke7 34. Ba5 Rb7 35. Bc3 1-0

[Event "Reykjavik Open 2025"]
[Site "Reykjavik, Iceland"]
[Date "2025.04.10"]
[Round "3.28"]
[White "Maze, Sebastien"]
[Black "Ronka, Erik"]
[Result "1-0"]
[ECO "C55"]
[WhiteElo "2557"]
[BlackElo "2295"]
[PlyCount "121"]
[EventDate "2025.??.??"]
[TimeControl "90+30"]
[WhiteClock "0:08:15"]
[BlackClock "0:01:58"]

1. e4 e5 2. Nf3 Nc6 3. Bc4 Nf6 4. d3 d5 5. exd5 Nxd5 6. O-O Bc5 7. Nbd2 O-O 8. Re1 f6 9. Ne4 Bb6 10. a4 a5 11. c3 Kh8 12. Qb3 Nce7 13. h3 c6 14. Qa3 Bc7 15. d4 f5 16. Bxd5 cxd5 17. Bg5 Re8 18. Nf6 gxf6 19. Bxf6+ Kg8 20. dxe5 Qd7 21. c4 Ng6 22. Rad1 d4 23. h4 f4 24. h5 Nf8 25. Nxd4 Qg4 26. Qc5 Bd8 27. Qd5+ Be6 28. Qxb7 Bxf6 29. exf6 Bf7 30. Nf3 Qxh5 31. Re7 Rab8 32. Qc7 Rbc8 33. Qxf4 Ng6 34. Qg3 Kf8 35. Rdd7 Rxe7 36. fxe7+ Nxe7 37. Qd6 Qc5 38. Qf6 Ke8 39. Rb7 Rd8 40. Ne5 Bg8 41. Qg7 Be6 42. b3 Ng6 43. Rb5 Qd4 44. Qf6 Qd1+ 45.
Kh2 Qh5+ 46. Kg3 Qf5 47. Qxf5 Bxf5 48. Rxa5 Bc2 49. b4 Nxe5 50. Rxe5+ Kf7 51. a5 Bd3 52. Rc5 Ke6 53. a6 Be4 54. f3 Ba8 55. b5 Kd6 56. Rh5 Rg8+ 57. Kf2 Rc8 58. b6 Bc6 59. c5+ Ke6 60.
Rxh7 Bd5 61. b7 1-0

[Event "Reykjavik Open 2025"]
[Site "Reykjavik, Iceland"]
[Date "2025.04.10"]
[Round "3.29"]
[White "Friedel, Joshua"]
[Black "Xu, Yuanyuan"]
[Result "1-0"]
[ECO "A05"]
[WhiteElo "2552"]
[BlackElo "2288"]
[PlyCount "71"]
[EventDate "2025.??.??"]
[TimeControl "90+30"]
[WhiteClock "0:16:42"]
[BlackClock "0:01:20"]

1. Nf3 Nf6 2. g3 d5 3. Bg2 g6 4. c4 d4 5. b4 c5 6. Bb2 Bg7 7. O-O O-O 8. d3 Nc6 9. b5 Nb8 10. e3 dxe3 11. fxe3 a6 12. a4 Ng4 13. Bxg7 Kxg7 14. Qe2 axb5 15. cxb5 Nd7 16. Nc3 Nde5 17. Nxe5 Nxe5 18. Nd5 Bf5 19. Qb2 f6 20. d4 cxd4 21. exd4 Nd3 22. Qe2 Nb4 23. Qxe7+ Qxe7 24. Nxe7 Bd3 25. Rfd1 Nc2 26. Rac1 Nxd4 27. Rc7 Ne6 28. Rxb7 Rxa4 29. Rxd3 Nc5 30. Nf5+ Kg8 31. Rg7+ Kh8 32. Rf7 Ra1+ 33. Bf1 Rc8 34. Rc7 Raa8 35. Rxc8+ Rxc8 36. Nd6 1-0

[Event "Reykjavik Open 2025"]
[Site "Reykjavik, Iceland"]
[Date "2025.04.10"]
[Round "3.33"]
[White "Petersen, Marcel"]
[Black "Kilic, Eray"]
[Result "0-1"]
[ECO "B51"]
[WhiteElo "2185"]
[BlackElo "2473"]
[PlyCount "84"]
[EventDate "2025.??.??"]
[TimeControl "90+30"]
[WhiteClock "0:09:35"]
[BlackClock "0:32:49"]

1. e4 c5 2. Nf3 d6 3. Bb5+ Nd7 4. O-O a6 5. Bxd7+ Bxd7 6. c3 Nf6 7. Re1 Bc6 8. d4 Bxe4 9. Bg5 Bc6 10. Bxf6 gxf6 11. d5 Bd7 12. Nbd2 e5 13. dxe6 Bxe6 14. Nc4 d5 15. Ne3 Qd6 16. Qa4+ Qc6 17. Qf4 O-O-O 18. Qxf6 Rg8 19. Ne5 Qc7 20. Nf5 Kb8 21. b4 cxb4 22. cxb4 Rc8 23. a3 Ka8 24. g3 Re8 25. Rac1 Qb8 26. h4 Bd6 27. Nxd6 Qxd6 28. Rc3 d4 29. Rd3 Qc7 30. Red1 Bc8 31. Nxf7 Ref8 32. Qxd4 Qxf7 33. b5 axb5 34. a4 Rg4 35. Qc5 Rc4 36. Qxb5 Qxf2+ 37. Kh1 Re4 38. Qa5+ Kb8 39. Rc1 Rxh4+ 40. gxh4 Qxh4+ 41. Kg2 Rf2+ 42. Kg1 Qh2# 0-1

[Event "Reykjavik Open 2025"]
[Site "Reykjavik, Iceland"]
[Date "2025.04.10"]
[Round "3.36"]
[White "Sokolovsky, Yahli"]
[Black "Sriansh Das"]
[Result "1-0"]
[ECO "C95"]
[WhiteElo "2546"]
[BlackElo "2278"]
[PlyCount "143"]
[EventDate "2025.??.??"]
[TimeControl "90+30"]
[WhiteClock "0:25:12"]
[BlackClock "0:27:06"]

1. e4 e5 2. Nf3 Nc6 3. Bb5 a6 4. Ba4 Nf6 5. O-O Be7 6. Re1 b5 7. Bb3 d6 8. c3 O-O 9. h3 Nb8 10. d4 Nbd7 11. Nbd2 Bb7 12. Bc2 Re8 13. Nf1 Bf8 14. Ng3 g6 15. a4 Bg7 16. Bd3 c6 17. Bg5 h6 18.
Be3 Qc7 19. dxe5 dxe5 20. b4 Rad8 21. Qe2 Bf8 22. Reb1 Nb6 23.
a5 Nc8 24. c4 Qd6 25. Ra3 Qe6 26. c5 Na7 27. Bc1 Bg7 28. Bb2 Nh7 29. Rd1 Bc8 30. Bc2 Rxd1+ 31. Qxd1 Nf8 32. Rd3 Qe7 33. Qa1 Bd7 34. Nh2 Nc8 35. f4 Qh4 36. Ne2 Qe7 37. Rf3 Ne6 38. Rf2 Nf8 39. f5 Nh7 40. Bb3 gxf5 41. exf5 Kf8 42. Ng4 f6 43. Ng3 Rd8 44. Qc1 Be8 45. Nxh6 Rd3 46. Rf3 Rxf3 47. gxf3 Ng5 48. Ng4 Nxh3+ 49. Kh2 Nf4 50. Qc2 Bh8 51. Bc1 Qh7+ 52. Kg1 Qh3 53. Qh2 Qxg3+ 54. Qxg3 Ne2+ 55. Kg2 Nxg3 56. Kxg3 Bd7 57. Bh6+ Bg7 58. Nxf6 Bxf5 59. Bxg7+ Kxg7 60. Ng4 Bxg4 61. fxg4 Kf6 62. Bc2 Ne7 63. Be4 Kg5 64. Bh1 Kf6 65. Kh4 e4 66. Bxe4 Ke5 67. Bg2 Kf4 68. Kh5 Ke5 69. Kg5 Ke6 70. Kf4 Kf6 71. Be4 Ke6 72. g5 1-0

[Event "Reykjavik Open 2025"]
[Site "Reykjavik, Iceland"]
[Date "2025.04.10"]
[Round "3.37"]
[White "Kadric, Denis"]
[Black "Khaledi, Omid"]
[Result "1/2-1/2"]
[ECO "B20"]
[WhiteElo "2533"]
[BlackElo "2228"]
[PlyCount "89"]
[EventDate "2025.??.??"]
[TimeControl "90+30"]
[WhiteClock "0:43:53"]
[BlackClock "0:28:06"]

1. e4 c5 2. Be2 Nc6 3. f4 d6 4. Nf3 g6 5. O-O Bg7 6. d3 e6 7. c3 Nge7 8. Na3 a6 9. d4 cxd4 10. cxd4 b5 11. Nc2 Bb7 12. Bd3 Qd7 13.
Qe2 O-O 14. Bd2 f5 15. e5 dxe5 16. fxe5 Nd5 17. Rad1 Nce7 18. Na1 Nb6 19. Nb3 Bd5 20. Nc5 Bxf3 21. Qf2 Qd5 22. gxf3 Nc6 23. f4 Rfe8 24. b3 Bf8 25. Be3 Nb4 26. Be2 Qd8 27. Bf3 N4d5 28. Bd2 Ra7 29. Ba5 Nxf4 30. Qg3 g5 31. Kh1 Rg7 32. Nb7 Qb8 33. Bxb6 Rxb7 34. Qxg5+ Ng6 35. Ba5 Rg7 36. Qh5 Nf4 37. Qh4 Ng6 38. Qf2 b4 39. Be2 Kh8 40. Rg1 Rc8 41. Bc4 Qb7+ 42. Qg2 Qe7 43. Qf2 Qb7+ 44. Qg2 Qe7 45. Qf2 1/2-1/2

[Event "Reykjavik Open 2025"]
[Site "Reykjavik, Iceland"]
[Date "2025.04.10"]
[Round "3.38"]
[White "Dushyant Sharma"]
[Black "Cornette, Matthieu"]
[Result "1-0"]
[ECO "B32"]
[WhiteElo "2313"]
[BlackElo "2528"]
[PlyCount "41"]
[EventDate "2025.??.??"]
[TimeControl "90+30"]
[WhiteClock "0:31:31"]
[BlackClock "0:24:50"]

1. e4 c5 2. Nf3 Nc6 3. d4 cxd4 4. Nxd4 e5 5. Nb5 d6 6. N1c3 a6 7. Na3 Be6 8. Be3 Nf6 9. Nc4 b5 10. Nb6 Rb8 11. a4 Ng4 12. axb5 Nxe3 13. fxe3 Qxb6 14. bxc6 Qxe3+ 15. Qe2 Qc5 16. Qxa6 Be7 17. Qa7 O-O 18. Qxc5 dxc5 19. Nd5 Bxd5 20. exd5 Rxb2 21. d6 1-0

[Event "Reykjavik Open 2025"]
[Site "Reykjavik, Iceland"]
[Date "2025.04.10"]
[Round "3.39"]
[White "Briem, Benedikt"]
[Black "Papp, Gabor"]
[Result "1/2-1/2"]
[ECO "E06"]
[WhiteElo "2249"]
[BlackElo "2502"]
[PlyCount "251"]
[EventDate "2025.??.??"]
[TimeControl "90+30"]
[WhiteClock "0:00:05"]
[BlackClock "0:02:38"]

1. d4 Nf6 2. c4 e6 3. Nf3 d5 4. g3 Be7 5. Bg2 O-O 6. O-O a5 7. Ne5 c6 8. Nc3 Nfd7 9. Nxd7 Nxd7 10. Qd3 b6 11. b3 Ba6 12. Rd1 Rc8 13. Bb2 Qc7 14. Rac1 Rfd8 15. e4 dxc4 16. Qe2 b5 17. bxc4 bxc4 18. f4 Rb8 19. Ba1 Nb6 20. Qg4 Bf8 21. Kh1 Bc8 22. Qh5 f5 23. exf5 exf5 24. Qe2 Qf7 25. Bxc6 Bb7 26. Qf3 Bxc6 27. Qxc6 Rd6 28. Qb5 Qh5 29. Kg2 Rh6 30. h4 Rg6 31. Rf1 Qxh4 32. Rf3 Qf6 33. Nd5 Qe6 34. Ne3 Rd8 35. Qxf5 Qc6 36. Rc2 Nd5 37. Nxd5 Rxd5 38. Qe4 Rh6 39. f5 Qb5 40. a4 Qc6 41. Bb2 Rf6 42. Bc1 Rf7 43. Rfc3 Rfxf5 44. Rxc4 Qg6 45. Re2 Rd6 46. Qe8 Rf7 47. Qe4 Re7 48. Qxg6 Rxe2+ 49. Kf3 Rxg6 50. Kxe2 Rxg3 51. Bd2 Rg2+ 52. Ke1 h5 53. d5 g5 54. Bxa5 h4 55. Kf1 h3 56. Bc7 Rd2 57. Rc3 g4 58. Rg3 Rd1+ 59. Ke2 Rd4 60.
Rd3 Rxa4 61. Kf2 Ra2+ 62. Kg1 Bc5+ 63. Kh1 Ra1+ 64. Kh2 Bg1+ 65. Kg3 h2 66. Kg2 h1=Q+ 67. Kxh1 Bb6+ 68. Kg2 Bxc7 69. d6 Bd8 70. Rd4 Kf7 71. Rxg4 Rd1 72. Kf3 Bf6 73. Ra4 Ke6 74. d7 Rxd7 75. Ra6+ Kf5 76. Ra5+ Be5 77. Ke3 Rh7 78. Ra8 Rh3+ 79. Kd2 Ke4 80. Kc2 Rh2+ 81. Kb3 Rb2+ 82. Kc4 Rc2+ 83. Kb4 Bd6+ 84. Kb3 Kd3 85. Ra7 Rc3+ 86. Kb2 Rc6 87. Rb7 Be5+ 88. Kb3 Rc1 89. Ka4 Bd4 90. Rb3+ Kc4 91. Rb4+ Kd5 92. Kb5 Rc8 93. Ka4 Bc5 94. Rb5 Ra8+ 95. Ra5 Rg8 96. Rb5 Rg4+ 97. Ka5 Kc6 98. Ka6 Ra4+ 99. Ra5 Rb4 100. Rb5 Ra4+ 101. Ra5 Rh4 102. Rb5 Rh8 103. Rb6+ Kd5 104. Rb7 Kc4 105. Rd7 Rb8 106. Rc7 Rb1 107. Rc6 Ra1+ 108. Kb7 Ra7+ 109. Kc8 Rg7 110. Rc7 Rg6 111. Rd7 Bd6 112. Rd8 Kd5 113. Rd7 Rg8+ 114. Rd8 Rg2 115. Rd7 Ra2 116. Rb7 Ke6 117. Rb5 Ra7 118. Rb6 Rc7+ 119. Kb8 Kd5 120. Ka8 Rh7 121. Rb7 Rh1 122. Rb6 Kc5 123. Ra6 Rh7 124. Ra4 Rh8+ 125. Kb7 Kb5 126. Rg4 1/2-1/2

[Event "Reykjavik Open 2025"]
[Site "Reykjavik, Iceland"]
[Date "2025.04.10"]
[Round "3.40"]
[White "Zierk, Steven"]
[Black "Gajcin, Marina"]
[Result "1-0"]
[ECO "B30"]
[WhiteElo "2501"]
[BlackElo "2217"]
[PlyCount "109"]
[EventDate "2025.??.??"]
[TimeControl "90+30"]
[WhiteClock "0:23:44"]
[BlackClock "0:11:28"]

1. e4 c5 2. Nf3 Nc6 3. Bb5 Nf6 4. Bxc6 dxc6 5. d3 Qc7 6.
Nbd2 e5 7. O-O b5 8. b3 Be7 9. Bb2 Nd7 10. Re1 Rb8 11. Nf1 O-O 12. Ne3 Re8 13. a4 a6 14. Kh1 f6 15. g4 c4 16. dxc4 bxa4 17. Rxa4 Nc5 18. Ra1 Nxe4 19. Qe2 Bc5 20. Rg1 Qb6 21. Rae1 Bxe3 22. fxe3 c5 23. h3 Qe6 24. Kh2 h5 25. Qf1 hxg4 26. Rxg4 Qc6 27. Rg1 Bb7 28. Re2 Rbd8 29. Nh4 Ng5 30. e4 Nxe4 31. Bc1 Rd7 32. Nf5 Ng5 33. Bxg5 fxg5 34. Rxg5 Qf6 35. h4 Rd4 36. Qg1 Rf4 37. Rf2 Rxf2+ 38. Qxf2 Rf8 39. Qxc5 Be4 40. Ne7+ Kf7 41. Nd5 Qh6 42. Kg3 Kg8 43. Ne7+ Kh7 44. Qxe5 Rf3+ 45. Kg4 Re3 46. Nf5 Bf3+ 47. Kf4 Rxe5 48. Nxh6 Rxg5 49. hxg5 Bd1 50. Nf5 Bxc2 51.
Nd4 Bd3 52. c5 Bf1 53. c6 Kg6 54. Nf5 Bh3 55. Nd6 1-0

[Event "Reykjavik Open 2025"]
[Site "Reykjavik, Iceland"]
[Date "2025.04.10"]
[Round "3.41"]
[White "Nissinen, Niilo Man"]
[Black "Bailet, Pierre"]
[Result "1/2-1/2"]
[ECO "C48"]
[WhiteElo "2268"]
[BlackElo "2495"]
[PlyCount "71"]
[EventDate "2025.??.??"]
[TimeControl "90+30"]
[WhiteClock "0:05:15"]
[BlackClock "0:03:37"]

1. e4 e5 2. Nf3 Nc6 3. Nc3 Nf6 4. Bb5 Bc5 5. O-O O-O 6.
Nxe5 Nxe5 7. d4 Bd6 8. f4 Nc6 9. e5 Be7 10. exf6 Bxf6 11.
d5 Ne7 12. Ne4 Nxd5 13. Qxd5 c6 14. Qd3 cxb5 15. Qxb5 Bd4+ 16. Kh1 d5 17. Ng3 Qb6 18. Qxd5 Be6 19. Qf3 Rad8 20. c3 Bf6 21. Nh5 Bc4 22. Be3 Qa6 23. Nxf6+ Qxf6 24. Rfd1 b6 25. f5 Rxd1+ 26. Rxd1 Bxa2 27. Ra1 Bc4 28. Rxa7 h6 29. Qe4 b5 30. h4 Qd6 31. Bd4 f6 32. Qg4 Rf7 33. Ra8+ Rf8 34. Ra7 Rf7 35. Ra8+ Rf8 36. Ra7 1/2-1/2

[Event "Reykjavik Open 2025"]
[Site "Reykjavik, Iceland"]
[Date "2025.04.10"]
[Round "3.44"]
[White "Martin, Nils"]
[Black "Gunnarsson, Jon Viktor"]
[Result "0-1"]
[ECO "B75"]
[WhiteElo "2181"]
[BlackElo "2439"]
[PlyCount "56"]
[EventDate "2025.??.??"]
[TimeControl "90+30"]
[WhiteClock "0:41:53"]
[BlackClock "0:24:31"]

1. e4 c5 2. Nf3 d6 3. d4 cxd4 4. Nxd4 Nf6 5. Nc3 g6 6. Be3 Bg7 7. f3 a6 8. g4 b5 9. g5 Nfd7 10. a4 bxa4 11. h4 Nc5 12. h5 e6 13.
Qd2 Bd7 14. Qh2 Qb6 15. O-O-O a3 16. bxa3 Nc6 17. hxg6 fxg6 18. Nde2 Ne5 19. Bd4 Rb8 20. Bxe5 Bxe5 21. f4 Qb2+ 22. Kd2 Bxc3+ 23. Nxc3 Nb3+ 24. Kd3 Rc8 25. Nb1 Qd4+ 26. Ke2 Rxc2+ 27. Ke1 Qe3+ 28. Be2 Bc8 0-1

[Event "Reykjavik Open 2025"]
[Site "Reykjavik, Iceland"]
[Date "2025.04.11"]
[Round "4.4"]
[White "Gupta, Abhijeet"]
[Black "Garifullina, Leya"]
[Result "1-0"]
[ECO "A50"]
[WhiteElo "2576"]
[BlackElo "2459"]
[PlyCount "115"]
[EventDate "2025.??.??"]
[TimeControl "90+30"]
[WhiteClock "0:17:02"]
[BlackClock "0:10:16"]

1. d4 Nf6 2. c4 e6 3. Bf4 d5 4. cxd5 exd5 5. e3 Bd6 6. Bxd6 Qxd6 7. Bd3 Bg4 8. Ne2 Bxe2 9. Qxe2 O-O 10. Nc3 Nbd7 11. O-O c5 12. dxc5 Nxc5 13. Rad1 Qe5 14. Bb1 Rac8 15. h3 Rfd8 16. Qb5 Rd6 17. Rd4 Rb6 18. Qe2 g6 19. Rfd1 Ne6 20. R4d2 Nc7 21. a4 Kg7 22. Ba2 Re8 23. Rd3 Ne6 24. a5 Rb4 25. Qd2 d4 26. Bxe6 Rxe6 27. Ne2 Qxa5 28. Nxd4 Re7 29. b3 Qb6 30. Qb2 Qc5 31. Rc3 Qb6 32. Rdc1 Qd6 33. Rd3 Qa6 34. Rd2 Qb6 35. Qa1 a6 36. Rc8 Rc7 37. Rd8 Re7 38.
Rd6 Qxd6 39. Nf5+ gxf5 40. Rxd6 Re6 41. Rd5 Kg6 42. Rd3 Rb5 43. Qd1 Reb6 44. Qf3 Ne4 45. Rd8 h6 46. Qf4 Rc6 47. Qb8 Kh5 48. Qf4 Kg6 49. Rg8+ Kh7 50. Qb8 Rg6 51. Rh8+ Kg7 52. Qf8+ Kf6 53. Rh7 Ng5 54. Qd8+ Ke6 55. Rh8 f4 56. Re8+ Kf5 57. Qd3+ Kf6 58. Qd4+ 1-0

[Event "Reykjavik Open 2025"]
[Site "Reykjavik, Iceland"]
[Date "2025.04.11"]
[Round "4.12"]
[White "Stefansson, Vignir Vatnar"]
[Black "Bekker, Stefan"]
[Result "0-1"]
[ECO "B22"]
[WhiteElo "2536"]
[BlackElo "2358"]
[PlyCount "138"]
[EventDate "2025.??.??"]
[TimeControl "90+30"]
[WhiteClock "0:28:22"]
[BlackClock "0:08:36"]

1. e4 c5 2. c3 d5 3. exd5 Qxd5 4. d4 Nf6 5. Nf3 e6 6. Bd3 Be7 7. O-O O-O 8. c4 Qd8 9. dxc5 Na6 10. c6 Nb4 11. cxb7 Bxb7 12. Be2 Qc7 13.
h3 Rfd8 14. Qb3 Be4 15. Ne1 Rab8 16. Qe3 Bxb1 17. Rxb1 Nxa2 18. Nc2 Bd6 19. Qf3 Nxc1 20. Rfxc1 a5 21. Rd1 Bc5 22. b3 Qe5 23. Bd3 h5 24. Re1 Qg5 25. Ra1 Bxf2+ 26. Kxf2 Qd2+ 27. Re2 Qxd3 28. Ra3 Qd6 29. Qe3 h4 30. Qe5 Qd3 31. Ne1 Qb1 32. Qe3 Rd1 33. Rxa5 Rxb3 34. Qf4 Rb8 35. Rg5 Kf8 36. Qe5 Rc8 37. Qf4 Qc1 38. Qxh4 Rxc4 39. Qh8+ Ke7 40. Rge5 Qf4+ 41. Kg1 Ne4 42. Qxg7 Rxe1+ 43. Rxe1 Qf2+ 44. Kh2 Qxe1 45. Qg4 Qe3 46. h4 f5 47. Rxe6+ Kxe6 48. Qg8+ Ke5 49. Qxc4 Qg3+ 50. Kg1 Qe1+ 51. Kh2 Qxh4+ 52. Kg1 Qf2+ 53. Kh2 Qg3+ 54. Kg1 Qe3+ 55. Kh2 Qh6+ 56. Kg1 Qb6+ 57. Kh2 Qd6 58. Qf7 Nf6 59. Kh3 Qd3+ 60. g3 Qd7 61. Qa2 Qd5 62. Qb1 Ke6 63. Qe1+ Kf7 64. Qa1 Kg6 65. Qc1 Qf3 66. Qb1 Ne4 67. Qg1 Ng5+ 68. Kh2 Qe2+ 69. Kh1 Qe4+ 0-1

[Event "Reykjavik Open 2025"]
[Site "Reykjavik, Iceland"]
[Date "2025.04.11"]
[Round "4.15"]
[White "Dushyant Sharma"]
[Black "Royal, Shreyas"]
[Result "0-1"]
[ECO "B33"]
[WhiteElo "2313"]
[BlackElo "2465"]
[PlyCount "90"]
[EventDate "2025.??.??"]
[TimeControl "90+30"]
[WhiteClock "0:25:14"]
[BlackClock "1:04:22"]

1. e4 c5 2. Nf3 Nc6 3. d4 cxd4 4. Nxd4 Nf6 5. Nc3 e5 6.
Ndb5 d6 7. Bg5 a6 8. Na3 b5 9. Bxf6 gxf6 10. Nd5 f5 11. c3 Bg7 12. exf5 Bxf5 13. Nc2 Be6 14. a4 Bxd5 15. Qxd5 Ne7 16. Qf3 O-O 17. axb5 axb5 18. Rxa8 Qxa8 19. Qxa8 Rxa8 20. Kd1 Nd5 21.
Kc1 Rb8 22. Nb4 Bh6+ 23. Kb1 Nxb4 24. cxb4 Bd2 25. Bd3 Bxb4 26. Be4 Bc5 27. f3 Kg7 28. Kc2 h5 29. Ra1 Kf6 30. Bd5 h4 31.
g4 Kg6 32. Kd3 f5 33. h3 Kg5 34. Be6 fxg4 35. Bxg4 Kf4 36. Ra6 b4 37. b3 Re8 38. Kc4 Ke3 39. Ra1 Rf8 40. Rd1 Rf4+ 41. Kd5 Ke2 42. Rc1 Rd4+ 43. Kc6 Kd2 44. Rf1 Rf4 45. Ra1 Kc2 0-1